AoeStats
← Antinomy

Oasis

508830955Analyzed
4v4 RM · 7d ago on Sep 24, 2026· 42m 6s· 8 players
Game mode
Random Map
Map size
Large (8 player)
Population
200
Speed
Normal
Resources
Standard
Victory
Conquest
Starting age
Dark Age
Ending age
Imperial Age
RankedLock teamsTeams togetherTeam positionsShared explorationLock speedFull tech treeHidden civsTurbo modeCheats
Victory
Defeat
🇹🇼 Poles · Taiwan
1245
+12
🇩🇪 Mongols · Germany
1227
+13
🇨🇳 Dravidians · China
1218
+15
🇮🇳 Shu · India
1205
+15
🇨🇳 Saxons · China
1378
-21
🇨🇳 Bulgarians · China
1310
-18
🇦🇷 Ethiopians · Argentina
1129
-12
839
-4
NightmarE™
7:22 Loom
10:13 Feudal Age
10:56 Double-Bit Axe
12:53 Town Watch
14:43 Fletching
17:11 Wheelbarrow
17:29 Horse Collar
23:25 Castle Age
22:17 Padded Archer Armor
22:09 Gold Mining
23:31 Crossbowman
24:07 Bodkin Arrow
24:51 Bow Saw
30:15 Heavy Plow
31:36 Stone Mining
32:57 Gold Shaft Mining
32:40 Hand Cart
35:07 Ballistics
38:01 Imperial Age
36:17 Treadmill Crane
37:04 Thumb Ring
37:19 Leather Archer Armor
38:11 Arbalester
38:53 Bracer
39:58 Chemistry
39:23 Conscription
39:46 Bolt Magazine
41:55 Ring Archer Armor
42:17 Siege Engineers
SPROP
9:06 Loom
10:59 Feudal Age
15:39 Castle Age
13:44 Horse Collar
14:19 Double-Bit Axe
16:19 Crossbowman
22:19 Fletching
24:12 Padded Archer Armor
25:33 Bodkin Arrow
25:01 Elite Skirmisher
26:48 Leather Archer Armor
28:24 Wheelbarrow
28:25 Gold Mining
28:29 Stone Mining
28:51 Scale Barding Armor
30:32 Chain Barding Armor
30:24 Forging
31:33 Ballistics
31:40 Husbandry
31:52 Bloodlines
36:07 Imperial Age
37:23 Conscription
37:16 Heavy Plow
37:29 Bow Saw
38:30 Gold Shaft Mining
38:33 Elite Steppe Lancer
39:44 Bracer
40:20 Iron Casting
41:04 Caravan
40:46 Elite Mangudai
Red
8:53 Loom
10:53 Feudal Age
14:18 Double-Bit Axe
14:16 Horse Collar
20:18 Castle Age
19:00 Bloodlines
18:44 Gold Mining
20:57 Light Cavalry
21:37 Husbandry
22:52 Wheelbarrow
23:25 Stone Mining
25:09 Stone Shaft Mining
25:13 Scale Barding Armor
25:19 Forging
25:57 Hand Cart
25:30 Pikeman
26:11 Squires
25:57 Arson
26:14 Scale Mail Armor
27:10 Heavy Plow
27:29 Fletching
28:00 Chain Barding Armor
29:54 Bow Saw
32:21 Iron Casting
32:14 Szlachta Privileges
36:21 Imperial Age
35:29 Treadmill Crane
36:26 Cavalier
37:35 Conscription
40:11 Blast Furnace
Antinomy
11:06 Feudal Age
11:51 Horse Collar
11:58 Double-Bit Axe
21:07 Castle Age
19:25 Gold Mining
20:32 Fletching
20:43 Padded Archer Armor
22:04 Bow Saw
22:56 Bodkin Arrow
23:03 Husbandry
23:21 Scale Barding Armor
23:25 Loom
26:40 Heavy Plow
28:04 Thumb Ring
27:44 Light Cavalry
30:43 Chain Barding Armor
30:34 Forging
31:05 Wheelbarrow
33:17 Hand Cart
32:57 Stone Mining
34:15 Iron Casting
34:29 Ballistics
34:28 Leather Archer Armor
34:42 Town Watch
41:23 Imperial Age
42:21 Bracer
42:52 Ring Archer Armor
41:48 Elite Elephant Archer
_TY_梦涯
5:09 Loom
9:22 Feudal Age
11:05 Arson
13:06 Double-Bit Axe
16:56 Fletching
19:53 Wheelbarrow
23:40 Castle Age
22:05 Scale Barding Armor
22:10 Forging
21:51 Horse Collar
23:27 Bloodlines
24:25 Husbandry
24:54 Chain Barding Armor
25:09 Iron Casting
25:07 Hand Cart
25:38 Iron Casting
25:02 Gold Mining
27:57 Town Watch
41:06 Imperial Age
39:03 Scale Mail Armor
39:23 Bow Saw
39:08 Pikeman
39:49 Squires
39:34 Gambesons
40:29 Chain Mail Armor
41:26 Halberdier
42:40 Plate Mail Armor
43:11 Blast Furnace
CYJ8564
2:21 Loom
11:44 Feudal Age
12:13 Town Watch
12:23 Town Watch
15:54 Castle Age
14:15 Double-Bit Axe
19:47 Fletching
19:57 Padded Archer Armor
23:17 Elite Skirmisher
25:03 Crossbowman
26:16 Bow Saw
25:48 Horse Collar
34:06 Leather Archer Armor
33:47 Bodkin Arrow
36:52 Forging
39:38 Ballistics
豹豹是只大猫咪
10:29 Feudal Age
11:43 Loom
14:38 Castle Age
13:19 Fletching
13:34 Double-Bit Axe
17:37 Bodkin Arrow
19:54 Horse Collar
24:06 Bloodlines
26:27 Ballistics
27:56 Thumb Ring
29:17 Wheelbarrow
29:32 Husbandry
29:52 Elite Skirmisher
31:09 Town Watch
36:55 Imperial Age
36:10 Scale Mail Armor
36:30 Bow Saw
36:21 Heavy Plow
36:51 Squires
37:44 Chain Mail Armor
37:49 Stone Mining
39:00 Plate Mail Armor
38:40 Gold Mining
39:18 Guilds
39:00 Elite Hearth Troop
40:01 Conscription
40:42 Forging
40:34 Bracer
41:32 Hoardings
42:31 Iron Casting
此身为剑所天成
9:43 Loom
12:14 Feudal Age
14:10 Double-Bit Axe
36:15 Town Watch
Connection lost

Rejoining the realm…

Still unreachable

The connection could not be restored.

Session expired

The server has moved on; the page needs a fresh start.